 Dungeon Crawl Stone Soup version 0.31-a0-142-g31f6795574 (webtiles) character file.

Game seed: 18303851955412886817

117 Arzdou the Slasher (level 5, -6/42 HPs)
             Began as a Merfolk Monk on June 3, 2023.
             Splashed by a jelly's acid (11 damage)
             ... on level 3 of the Dungeon.
             The game lasted 00:02:05 (2299 turns).

Arzdou the Slasher (Merfolk Monk)                   Turns: 2299, Time: 00:02:06

Health: -6/42      AC: -10   Str: 12    XL:     5   Next: 1%
Magic:  5/5        EV: 14    Int:  9    God:
Gold:   135        SH:  0    Dex: 18    Spells: 4/4 levels left

rFire   . . .        a - +0 falchion
rCold   . . .        d - orb {light}
rNeg    . . .        b - +0 robe
rPois   .            (no helmet)
rElec   .            (no cloak)
rCorr   .            (no gloves)
SInv    .            (no boots)
Will    .....        (no amulet)
Stlth   +            (no ring)
HPRegen 0.27/turn    (no ring)
MPRegen 0.09/turn

%: no passive effects
@: corroded, glowing
A: (nimble swimmer 2), mertail
a: no special abilities


You were on level 3 of the Dungeon.
You visited 1 branch of the dungeon, and saw 3 of its levels.

You collected 135 gold pieces.

Inventory:

Hand Weapons
 a - a +0 falchion (weapon)
Armour
 b - a +0 robe (worn)
 d - an orb of light (worn)
Scrolls
 f - 2 scrolls of fog {unknown}
 g - a scroll of magic mapping {unknown}
 i - 4 scrolls of identify {unknown}
 j - 2 scrolls of teleportation {unknown}
 l - a scroll of summoning {unknown}
 n - a scroll of blinking {unknown}
Potions
 e - 2 potions of degeneration {unknown}
 h - a potion of curing {unknown}
 k - a potion of heal wounds {unknown}
 m - a potion of mutation {unknown}
 o - 2 potions of might {unknown}


   Skills:
 - Level 3.7 Fighting
 + Level 6.1 Long Blades
 - Level 4.4 Dodging


You had 4 spell levels left.
You didn't know any spells.
Your spell library contained the following spells:

 Spells                   Type           Power      Damage    Failure   Level
 Apportation              Tloc           0%         N/A       38%         1
 Alistair's Intoxication  Tmut/Pois      0%         N/A       100%        5


Dungeon Overview and Level Annotations

Branches:
Dungeon (3/15)

Altars:

Shops:
D:1 ?


Innate Abilities, Weirdness & Mutations

((You are very nimble when in or above water. (Stealth+, EV+, Speed+++)))
Your lower body shifts to a powerful aquatic tail in water.


Message History

The worm is heavily wounded.
The jelly closely misses you.
You hit the worm.
The worm is severely wounded.
The worm bites you!
* * * LOW HITPOINT WARNING * * *
The jelly barely misses you. The jelly attacks as you move away!
The jelly closely misses you.
You are confused.
You feel invigorated. The jelly hits you. The acid corrodes you!
You are splashed with acid!
* * * LOW HITPOINT WARNING * * *
The worm misses you.
You bump into the rock wall.
The jelly hits you.
* * * LOW HITPOINT WARNING * * *
You are splashed with acid!
* * * LOW HITPOINT WARNING * * *
You bump into the rock wall.
The jelly barely misses you.
You hit the jelly.
Your hands burn!
* * * LOW HITPOINT WARNING * * *
The jelly is lightly wounded.
The jelly closely misses you.
You bump into the rock wall.
The jelly barely misses you.
You slash the jelly! The acid corrodes you!
Your hands burn!
* * * LOW HITPOINT WARNING * * *
The jelly is heavily wounded.
The jelly barely misses you.
You bump into the rock wall.
The jelly completely misses you. The jelly hits you. The acid corrodes you!
You are splashed with acid.
You bump into the rock wall.
You feel less invigorated.
You feel less confused. The jelly hits you.
You are splashed with acid!
* * * LOW HITPOINT WARNING * * *
You hit the jelly.
Your hands burn!
* * * LOW HITPOINT WARNING * * *
The jelly is severely wounded.
The jelly hits you.
* * * LOW HITPOINT WARNING * * *
The acid corrodes you!
You are splashed with acid!
You die...

#####.#######[# ##.#
#...........#.# ##.
#.###.#####.#.#####..
#.# #.# #......)..#
#.# #.# ###.#####.. #
#.# #.#######(# ###
##. #.# #.........#
##...##.###########.#
#### #.........@.#
#.# ##...
........###J#####
#.###....
#...###.......(.#
#.......[ ##.
#....†....# ####.)...
# #.........# #.....
..>..........# #.....
#.......!.?..# ##....
#.##.........# ##...
#. #.........# ####


You could see a jelly.

Vanquished Creatures
  6 adders (D:2)
  2 dart slugs (D:1)
  5 endoplasms
  13 giant cockroaches
  2 goblins (D:1)
  4 hobgoblins
  3 quokkas
  4 bats
  11 frilled lizards
  7 kobolds
  A rat (D:3)
58 creatures vanquished.

Notes
Turn   | Place    | Note
-------+----------+-------------------------------------------
     0 | D:1      | Arzdou the Merfolk Monk began the quest for the Orb.
     0 | D:1      | Reached XP level 1. HP: 18/18 MP: 1/1
   186 | D:1      | Reached XP level 2. HP: 24/24 MP: 2/2
   213 | D:1      | Found a faded altar of an unknown god.
   377 | D:1      | Reached skill level 4 in Long Blades
   468 | D:1      | Found Adi Dig's Magic Scroll Shop.
   956 | D:2      | Reached XP level 3. HP: 30/30 MP: 3/3
  1191 | D:2      | Reached skill level 5 in Long Blades
  1200 | D:2      | Reached XP level 4. HP: 31/37 MP: 4/4
  2144 | D:3      | Reached skill level 6 in Long Blades
  2197 | D:3      | Reached XP level 5. HP: 42/42 MP: 5/5
  2291 | D:3      | HP: 2/42 [acid (8)]
  2299 | D:3      | Splashed by a jelly's acid

Illustrated notes

Levels and vault maps discovered:
D:1:      minmay_arrival_plants_in_alcoves, layout_basic, serial_shops, shop,
          ebering_ecumenical_altar_webs, minmay_misc_feat_room
D:2:      layout_basic, kennysheep_doodads, grunt_decor_junction,
          minmay_lizard_pond
D:3:      minmay_roachtagon, layout_loops_ring

Skill      XL: |  1  2  3  4 |
---------------+-------------+-----
Long Blades    | 4 5 6 |  6.1
Fighting       | |  3.7
Dodging        | |  4.4

Action                     |  1- 3 |  4- 6 || total
---------------------------+-------+-------++-------
  Melee: Falchion          |    81 |    95 ||   176
    Use: Potion            |       |     1 ||     1
   Stab: Sleeping          |     1 |       ||     1
 Armour: Robe              |    15 |    11 ||    26
  Dodge: Dodged            |    52 |    86 ||   138

Table legend: (Time is in decaauts)
 A = Elapsed time spent in this place.
 B = Non-inter-level travel time spent in this place.
 C = Inter-level travel time spent in this place.
 D = Time resting spent in this place.
 E = Time spent auto-exploring this place.
 F = Levels seen in this place.
 G = Mean time per level.
                   A        B        C        D        E       F      G
               +--------+--------+--------+--------+--------+-----+--------+
         Total |   2293 |   2250 |     43 |    311 |   1587 |   3 |  764.3 |
       Dungeon |   2293 |   2250 |     43 |    311 |   1587 |   3 |  764.3 |
               +--------+--------+--------+--------+--------+-----+--------+

Top non-repeatable levels by time:
     D:2: 1149 daAuts
     D:1: 943 daAuts
     D:3: 199 daAuts
